PCL
LAS VEGAS STARS @ SPOKANE TRAPPERS
09/09/2026
 
TOP OF THE 1ST
Las Vegas Stars batting - Pitching for Spokane Trappers : RHP Jae-hyun Ch'oe
Pitching: RHP Jae-hyun Ch'oe
Batting: RHB Brian George 0-0: Ball
1-0: Bunted foul
1-1: Foul Ball, location: 2F
1-2: Ball
2-2: SOLO HOME RUN (Flyball, 7D), Distance : 387 ft
Batting: RHB Douglas Davis 0-0: Foul Ball, location: 2F
0-1: Ball
1-1: Ball
2-1: Ball
3-1: Ground out 6-3 (Groundball, 6M)
Batting: RHB Ron Shelton 0-0: Called Strike
0-1: Foul Ball, location: 2F
0-2: Ball
1-2: Foul Ball, location: 2F
1-2: Ball
2-2: Ground out 1-3 (Groundball, 15)
Batting: RHB José Zúñiga 0-0: Ball
1-0: Called Strike
1-1: Foul Ball, location: 2F
1-2: Strikes out swinging
Top of the 1st over - 1 run(s), 1 hit(s), 0 error(s), 0 left on base; Las Vegas 1 - Spokane 0
BOTTOM OF THE 1ST
Spokane Trappers batting - Pitching for Las Vegas Stars : RHP Ramón Pérez
Pitching: RHP Ramón Pérez
Batting: RHB Tomás Carranza 0-0: Foul Ball, location: 2F
0-1: SINGLE (Groundball, 25) (infield hit)
Batting: SHB Nick Cox 0-0: Called Strike
0-1: Ball
1-1: Called Strike
1-2: Ball
2-2: Strikes out swinging
Batting: LHB Colin Ives 0-0: Ball
1-0: Grounds into double play, 4-6-3 (Groundball, 4)
Bottom of the 1st over - 0 run(s), 1 hit(s), 0 error(s), 0 left on base; Las Vegas 1 - Spokane 0
TOP OF THE 2ND
Las Vegas Stars batting - Pitching for Spokane Trappers : RHP Jae-hyun Ch'oe
Batting: RHB Reginaldo Jaconelli 0-0: Ball
1-0: Ball
2-0: Foul Ball, location: 2F
2-1: Ball
3-1: Base on Balls
Batting: LHB Fernando De La Cruz 0-0: Foul Ball, location: 2F
0-1: Foul Ball, location: 2F
0-2: Foul Ball, location: 2F
0-2: SINGLE (Line Drive, 8RS)
Reginaldo Jaconelli to second
Batting: LHB Javier Valenzuela 0-0: Swinging Strike
0-1: Fly out, F8 (Flyball, 8LXD)
Runner from 2nd tags up, SAFE at 3rd, no throw
Batting: RHB Ramón Pérez 0-0: Called Strike
0-1: Foul Ball, location: 2F
0-2: Ball
1-2: Strikes out looking
Batting: SHB Dema Mitenkov 0-0: Fly out, F9 (Flyball, 89M)
Top of the 2nd over - 0 run(s), 1 hit(s), 0 error(s), 2 left on base; Las Vegas 1 - Spokane 0
BOTTOM OF THE 2ND
Spokane Trappers batting - Pitching for Las Vegas Stars : RHP Ramón Pérez
Batting: LHB Héctor Rentería 0-0: Called Strike
0-1: Ball
1-1: SINGLE (Line Drive, 78S)
Batting: RHB Clyde Kelley 0-0: Called Strike
Héctor Rentería steals 2nd base
0-1: Ground out 1-3 (Groundball, 13)
Héctor Rentería to third
Batting: RHB Keith Kirkpatrick 0-0: Foul Ball, location: 2F
0-1: Ball
1-1: Ball
2-1: 2-RUN HOME RUN (Flyball, 7D), Distance : 381 ft
Batting: RHB Toru Nakanishi 0-0: Ball
1-0: Ball
2-0: Ball
3-0: Base on Balls
Batting: LHB Juan Viera 0-0: Called Strike
0-1: Foul Ball, location: 2F
0-2: Strikes out swinging
Batting: RHB Pedro Rodríguez 0-0: Ball
1-0: Fielders Choice at 2nd, U4 (Groundball, 4M)
Bottom of the 2nd over - 2 run(s), 2 hit(s), 0 error(s), 1 left on base; Las Vegas 1 - Spokane 2
TOP OF THE 3RD
Las Vegas Stars batting - Pitching for Spokane Trappers : RHP Jae-hyun Ch'oe
Batting: RHB Brian George 0-0: Called Strike
0-1: Foul Ball, location: 2F
0-2: Ball
1-2: Strikes out swinging
Batting: RHB Douglas Davis 0-0: Ball
1-0: Ground out 5-3 (Groundball, 56)
Batting: RHB Ron Shelton 0-0: Fly out, F9 (Flyball, 89M)
Top of the 3rd over - 0 run(s), 0 hit(s), 0 error(s), 0 left on base; Las Vegas 1 - Spokane 2
BOTTOM OF THE 3RD
Spokane Trappers batting - Pitching for Las Vegas Stars : RHP Ramón Pérez
Batting: RHB Tomás Carranza 0-0: Swinging Strike
0-1: Foul Ball, location: 2F
0-2: Ground out 4-3 (Groundball, 13)
Batting: SHB Nick Cox 0-0: Ball
1-0: Ball
2-0: Called Strike
2-1: Ball
3-1: SOLO HOME RUN (Line Drive, 7LD), Distance : 364 ft
Batting: LHB Colin Ives 0-0: SINGLE (Flyball, 8RS)
Batting: LHB Héctor Rentería 0-0: Foul Ball, location: 2F
0-1: Ball
1-1: Ground out U3 (Groundball, 3S)
Colin Ives to second
Batting: RHB Clyde Kelley 0-0: Ball
1-0: Called Strike
1-1: Foul Ball, location: 2F
1-2: Ball
2-2: DOUBLE (Line Drive, 9LM)
Colin Ives scores
Batting: RHB Keith Kirkpatrick 0-0: Called Strike
0-1: Swinging Strike
0-2: Strikes out looking
Bottom of the 3rd over - 2 run(s), 3 hit(s), 0 error(s), 1 left on base; Las Vegas 1 - Spokane 4
TOP OF THE 4TH
Las Vegas Stars batting - Pitching for Spokane Trappers : RHP Jae-hyun Ch'oe
Batting: RHB José Zúñiga 0-0: Ball
1-0: Swinging Strike
1-1: Ball
2-1: Ball
3-1: Swinging Strike
3-2: Foul Ball, location: 2F
3-2: Foul Ball, location: 2F
3-2: Ground out 6-3 (Groundball, 6)
Batting: RHB Reginaldo Jaconelli 0-0: Called Strike
0-1: Ball
1-1: Ball
2-1: Foul Ball, location: 2F
2-2: Foul Ball, location: 2F
2-2: Ball
3-2: Base on Balls
Batting: LHB Fernando De La Cruz 0-0: Ground out U3 (Groundball, 3S)
Reginaldo Jaconelli to second
Batting: LHB Javier Valenzuela 0-0: Fly out, F7 (Flyball, 78M)
Top of the 4th over - 0 run(s), 0 hit(s), 0 error(s), 1 left on base; Las Vegas 1 - Spokane 4
BOTTOM OF THE 4TH
Spokane Trappers batting - Pitching for Las Vegas Stars : RHP Ramón Pérez
Batting: RHB Toru Nakanishi 0-0: Called Strike
0-1: Ball
1-1: Swinging Strike
1-2: Strikes out swinging
Batting: LHB Juan Viera 0-0: Ground out 4-3 (Groundball, 4)
Batting: RHB Pedro Rodríguez 0-0: Ground out 6-3 (Groundball, 6M)
Bottom of the 4th over - 0 run(s), 0 hit(s), 0 error(s), 0 left on base; Las Vegas 1 - Spokane 4
TOP OF THE 5TH
Las Vegas Stars batting - Pitching for Spokane Trappers : RHP Jae-hyun Ch'oe
Batting: RHB Ramón Pérez 0-0: Ball
1-0: Ball
2-0: Ball
3-0: Base on Balls
Batting: SHB Dema Mitenkov 0-0: Called Strike
0-1: Swinging Strike
0-2: Ball
1-2: Strikes out looking
Batting: RHB Brian George 0-0: Ball
1-0: Foul Ball, location: 2F
1-1: Called Strike
1-2: Ball
2-2: Ball
3-2: Grounds into double play, 6-4-3 (Groundball, 6)
Top of the 5th over - 0 run(s), 0 hit(s), 0 error(s), 0 left on base; Las Vegas 1 - Spokane 4
BOTTOM OF THE 5TH
Spokane Trappers batting - Pitching for Las Vegas Stars : RHP Ramón Pérez
Batting: RHB Tomás Carranza 0-0: Swinging Strike
0-1: Foul Ball, location: 2F
0-2: Strikes out swinging
Batting: SHB Nick Cox 0-0: Ball
1-0: Ball
2-0: Ball
3-0: Base on Balls
Batting: LHB Colin Ives 0-0: Called Strike
0-1: 2-RUN HOME RUN (Flyball, 9D), Distance : 366 ft
Batting: LHB Héctor Rentería 0-0: Called Strike
0-1: Ball
1-1: Called Strike
1-2: Ball
2-2: Foul Ball, location: 2F
2-2: Strikes out looking
Batting: RHB Clyde Kelley 0-0: Ball
1-0: Ball
2-0: Called Strike
2-1: Foul Ball, location: 2F
2-2: Strikes out swinging, 2-3 out at first.
Bottom of the 5th over - 2 run(s), 1 hit(s), 0 error(s), 0 left on base; Las Vegas 1 - Spokane 6
TOP OF THE 6TH
Las Vegas Stars batting - Pitching for Spokane Trappers : RHP Jae-hyun Ch'oe
Batting: RHB Douglas Davis 0-0: Foul Ball, location: 2F
0-1: Ball
1-1: Called Strike
1-2: Ball
2-2: Foul Ball, location: 2F
2-2: Foul Ball, location: 2F
2-2: Foul Ball, location: 2F
2-2: Foul Ball, location: 2F
2-2: Strikes out looking
Batting: RHB Ron Shelton 0-0: Called Strike
0-1: Foul Ball, location: 2F
0-2: SINGLE (Line Drive, 9LS)
Batting: RHB José Zúñiga 0-0: Called Strike
0-1: Swinging Strike
0-2: Ball
1-2: Ball
2-2: Ball
3-2: Grounds into double play, 6-4-3 (Groundball, 56)
Top of the 6th over - 0 run(s), 1 hit(s), 0 error(s), 0 left on base; Las Vegas 1 - Spokane 6
BOTTOM OF THE 6TH
Spokane Trappers batting - Pitching for Las Vegas Stars : RHP Ramón Pérez
Batting: RHB Keith Kirkpatrick 0-0: Foul Ball, location: 2F
0-1: Ball
1-1: SINGLE (Line Drive, 9S)
Batting: RHB Toru Nakanishi 0-0: Ball
1-0: Ball
2-0: SINGLE (Groundball, 6)
Keith Kirkpatrick to second
Batting: LHB Juan Viera 0-0: Ball
1-0: Fielders Choice at 2nd, 6-4 (Groundball, 56)
Keith Kirkpatrick to third
Batting: RHB Pedro Rodríguez 0-0: Ball
Juan Viera steals 2nd base
1-0: DOUBLE (Flyball, 78XD)
Keith Kirkpatrick scores
Juan Viera scores
Pitching: LHP Pedro Veláquez
Batting: RHB Tomás Carranza 0-0: Ball
1-0: Foul Ball, location: 2F
1-1: Swinging Strike
1-2: Ball
2-2: Ball
3-2: Strikes out swinging
Batting: SHB Nick Cox 0-0: Ball
1-0: Foul Ball, location: 2F
1-1: Ball
2-1: Swinging Strike
2-2: Ball
3-2: Fly out, F6 (Popup, 6M)
Bottom of the 6th over - 2 run(s), 3 hit(s), 0 error(s), 1 left on base; Las Vegas 1 - Spokane 8
TOP OF THE 7TH
Las Vegas Stars batting - Pitching for Spokane Trappers : RHP Jae-hyun Ch'oe
Batting: RHB Reginaldo Jaconelli 0-0: Foul Ball, location: 2F
0-1: Ball
1-1: SINGLE (Groundball, 34)
Batting: LHB Fernando De La Cruz 0-0: Ball
1-0: Ball
2-0: Called Strike
2-1: Ball
3-1: Swinging Strike
3-2: Fly out, F9 (Flyball, 9D)
Pitching: RHP Dustin Newman
Batting: LHB Javier Valenzuela 0-0: Called Strike
Balk!
Reginaldo Jaconelli to second
0-1: Called Strike
0-2: Strikes out swinging
Batting: RHB Ramón Pérez 0-0: Ball
1-0: Ball
2-0: Ground out 5-3 (Groundball, 56)
Top of the 7th over - 0 run(s), 1 hit(s), 0 error(s), 1 left on base; Las Vegas 1 - Spokane 8
BOTTOM OF THE 7TH
Spokane Trappers batting - Pitching for Las Vegas Stars : LHP Pedro Veláquez
Batting: LHB Colin Ives 0-0: Swinging Strike
0-1: SOLO HOME RUN (Line Drive, 89XD), Distance : 405 ft
Batting: LHB Héctor Rentería 0-0: Ground out 5-3 (Groundball, 5)
Batting: RHB Clyde Kelley 0-0: Ball
1-0: Foul Ball, location: 2F
1-1: Fly out, F7 (Line Drive, 7M)
Batting: RHB Keith Kirkpatrick 0-0: Ground out 1-3 (Groundball, 13)
Bottom of the 7th over - 1 run(s), 1 hit(s), 0 error(s), 0 left on base; Las Vegas 1 - Spokane 9
TOP OF THE 8TH
Las Vegas Stars batting - Pitching for Spokane Trappers : RHP Dustin Newman
Now at SS: Dani Rodríguez
Batting: SHB Dema Mitenkov 0-0: Ball
1-0: Foul Ball, location: 2F
1-1: Swinging Strike
1-2: Foul Ball, location: 2F
1-2: Foul Ball, location: 2F
1-2: Strikes out looking
Batting: RHB Brian George 0-0: Called Strike
0-1: Ball
1-1: Ball
2-1: Foul Ball, location: 2F
2-2: SOLO HOME RUN (Flyball, 7D), Distance : 373 ft
Batting: RHB Douglas Davis 0-0: Called Strike
0-1: Ball
1-1: Foul Ball, location: 2F
1-2: Foul Ball, location: 2F
1-2: Fly out, F8 (Flyball, 8LM)
Batting: RHB Ron Shelton 0-0: Ball
1-0: Called Strike
1-1: SINGLE (Groundball, 13) (infield hit)
Batting: RHB José Zúñiga 0-0: Ball
1-0: Swinging Strike
1-1: Ball
2-1: Called Strike
2-2: Strikes out looking
Top of the 8th over - 1 run(s), 2 hit(s), 0 error(s), 1 left on base; Las Vegas 2 - Spokane 9
BOTTOM OF THE 8TH
Spokane Trappers batting - Pitching for Las Vegas Stars : LHP Pedro Veláquez
Batting: RHB Toru Nakanishi 0-0: Ball
1-0: SINGLE (Line Drive, 56)
Batting: LHB Juan Viera 0-0: Sac Bunt - play at first, batter OUT! 1-4
Toru Nakanishi to second
Pitching: LHP Phillip Moran
Batting: RHB Pedro Rodríguez 0-0: Ball
1-0: Called Strike
1-1: Ground out 6-3 (Groundball, 6)
Batting: RHB Tomás Carranza 0-0: Ball
1-0: Ground out 5-3 (Groundball, 56)
Bottom of the 8th over - 0 run(s), 1 hit(s), 0 error(s), 1 left on base; Las Vegas 2 - Spokane 9
TOP OF THE 9TH
Las Vegas Stars batting - Pitching for Spokane Trappers : RHP Dustin Newman
Batting: RHB Reginaldo Jaconelli 0-0: Ball
1-0: Ground out 6-3 (Groundball, 6)
Batting: LHB Fernando De La Cruz 0-0: Called Strike
0-1: Ball
1-1: Ball
2-1: Ball
3-1: Base on Balls
Batting: LHB Javier Valenzuela 0-0: Fly out, F2 (Popup, 25F)
Batting: RHB Ramón Pérez 0-0: Ball
1-0: Ball
2-0: Ground out 6-3 (Groundball, 6)
Top of the 9th over - 0 run(s), 0 hit(s), 0 error(s), 1 left on base; Las Vegas 2 - Spokane 9
Monday, December 5th, 2016 - OOTP Baseball 17.12 Build 75